 Dungeon Crawl Stone Soup version 0.30-a0-802-gb92711bcdf (webtiles) character file.

Game seed: 3910304513462404463

320 bande the Shield-Bearer (level 6, -5/38 HPs)
             Began as a Gargoyle Fighter on Feb 25, 2023.
             Slain by an ogre
             ... wielding a +0 giant spiked club
              (11 damage)
             ... on level 5 of the Dungeon.
             The game lasted 00:04:58 (3100 turns).

bande the Shield-Bearer (Gargoyle Fighter)          Turns: 3100, Time: 00:04:59

Health: -5/38      AC: 16    Str: 19    XL:     6   Next: 46%
Magic:  6/6        EV:  7    Int:  9    God:
Gold:   195        SH:  5    Dex: 11    Spells: 5/5 levels left

rFire   . . .      SeeInvis .    a - +1 war axe
rCold   . . .      Faith    .    c - +0 buckler
rNeg    + . .      Spirit   .    j - +0 chain mail
rPois   ∞          Reflect  .    q - +1 helmet
rElec   +          Harm     .    (no cloak)
rCorr   +          Rampage  .    (no gloves)
Will    .....                    (no boots) Stlth
                                 (no amulet)
HPRegen 0.26/turn                n - ring of resist corrosion
MPRegen 0.10/turn                (no ring)

@: no status effects
A: sickness immunity, AC +4, negative energy resistance 1, electricity
resistance, torment resistance 1, petrification resistance
a: no special abilities


You were on level 5 of the Dungeon.
You visited 1 branch of the dungeon, and saw 5 of its levels.

You collected 195 gold pieces.

Inventory:

Hand Weapons
 a - a +1 war axe (weapon)
 g - the +1 hand axe of Anguish {flame, *Rage Will++ Str+3 Stlth+}
   (You found it on level 4 of the Dungeon)

   Str:       It affects your strength (+3).
   *Rage:     It berserks you when you make melee attacks (+20% chance).
   Will:      It greatly increases your willpower.
   Stlth:     It makes you more stealthy.
Armour
 c - a +0 buckler (worn)
 j - a +0 chain mail (worn)
 q - a +1 helmet (worn)
Jewellery
 n - a ring of resist corrosion (left hand)
Scrolls
 e - 3 scrolls of identify
 f - a scroll of blinking
 h - a scroll of butterflies
 k - a scroll of magic mapping
 l - 4 scrolls of teleportation
 m - a scroll of amnesia
Potions
 b - a potion of curing {unknown}
 d - a potion of might
 i - a potion of brilliance {unknown}


   Skills:
 + Level 4.1 Fighting
 + Level 4.4 Axes
 + Level 4.3 Armour
 + Level 4.4 Shields


You had 5 spell levels left.
You didn't know any spells.
Your spell library contained the following spells:

 Spells                   Type           Power      Damage    Failure   Level
 Apportation              Tloc           0%         N/A       99%         1
 Necrotise                Necr           0%         1d4       99%         1
 Summon Small Mammal      Summ           0%         N/A       99%         1
 Poisonous Vapours        Pois/Air       0%         N/A       100%        2
 Mephitic Cloud           Conj/Pois/Air  0%         N/A       100%        3
 Portal Projectile        Hex/Tloc       0%         N/A       100%        3
 Tukima's Dance           Hex            0%         N/A       100%        3
 Blade Hands              Tmut           0%         N/A       100%        5
 Cigotuvi's Dreadful Rot  Necr/Pois/Air  Unusable   N/A       N/A         2

Dungeon Overview and Level Annotations

Branches:
Dungeon (5/15)
 Temple: D:4-7

Altars:

Shops:
D:1 *


Innate Abilities, Weirdness & Mutations

You are immune to sickness and miasma.
Your stone body is resilient. (AC +4)
You are immune to poison.
You resist negative energy. (rN+)
You are resistant to electric shocks. (rElec)
You are resistant to unholy torment.
You are immune to petrification.


Message History

An ufetubus is nearby!
You hit the ufetubus but do no damage. You block the ufetubus's attack.
The ufetubus barely misses you.
The ufetubus hits you but does no damage. x2
The ufetubus closely misses you.
The ufetubus hits you but does no damage.
An ogre comes into view. It is wielding a +0 giant spiked club.
The ufetubus hits you but does no damage. x2
The ufetubus hits you but does no damage. x2
You closely miss the ufetubus.
The ufetubus hits you but does no damage.
The ufetubus barely misses you. You block the ufetubus's attack.
The ufetubus hits you but does no damage.
You closely miss the ufetubus. The ufetubus barely misses you.
The ufetubus hits you but does no damage.
The ufetubus barely misses you. x2
The ogre shouts!
You slash the ufetubus!
You kill the ufetubus!
Items here: )) [ †.
The ogre attacks as you move away!
The ogre hits you with a +0 giant spiked club!!
Ouch! That really hurt!
* * * LOW HITPOINT WARNING * * *
You slash the ogre!
The ogre is moderately wounded.
The ogre closely misses you.
You closely miss the ogre.
The ogre is moderately wounded.
A phantom comes into view.
You block the ogre's attack.
You hit the ogre.
The ogre is heavily wounded.
You block the ogre's attack.
You barely miss the ogre.
The ogre is heavily wounded.
You hit the ogre.
The ogre is heavily wounded.
The ogre hits you with a +0 giant spiked club!
You die...

#.# #.### .#
#...# #O #..
###.# #. .. #.#
..#:# #.# ...#
#.# ...#
...###.#####..##
........@OW)....#
..........))....#
...........###..#
#########..+ ..#
#..# ..# #... .##
#.... .# ########


You could see an ogre and a phantom.

Vanquished Creatures
  2 orc priests
  Jessica (D:3)
  2 orc wizards (D:4)
  A gnoll (D:1)
  6 adders
  A white imp (D:4)
  An ufetubus (D:5)
  A worm (D:2)
  3 dart slugs
  5 orcs
  6 ball pythons
  10 endoplasms
  2 giant cockroaches
  9 goblins
  11 hobgoblins
  12 jackals
  10 kobolds
  3 quokkas
  5 bats
  2 rats (D:1)
93 creatures vanquished.

Notes
Turn   | Place    | Note
-------+----------+-------------------------------------------
     0 | D:1      | bande the Gargoyle Fighter began the quest for the Orb.
     0 | D:1      | Reached XP level 1. HP: 14/14 MP: 1/1
    73 | D:1      | Reached XP level 2. HP: 13/19 MP: 2/2
   141 | D:1      | Reached XP level 3. HP: 23/23 MP: 3/3
   771 | D:1      | Found Pihomeafa's Assorted Antiques.
   950 | D:2      | Reached XP level 4. HP: 24/28 MP: 4/4
  1719 | D:3      | Reached XP level 5. HP: 33/33 MP: 5/5
  1878 | D:3      | Noticed Jessica
  1883 | D:3      | Killed Jessica
  2206 | D:4      | Reached XP level 6. HP: 27/38 MP: 6/6
  2745 | D:4      | Identified the +1 hand axe of Anguish {flame, *Rage Will++
                  | Str+3 Stlth+}
  3052 | D:5      | Entered Level 5 of the Dungeon
  3100 | D:5      | Slain by an ogre

Illustrated notes

Levels and vault maps discovered:
D:1:      dpeg_arrival_round_b, layout_rooms, serial_shops,
          nicolae_shop_hallway_plus
D:2:      layout_loops_ring
D:3:      layout_rooms, uniq_jessica
D:4:      layout_gridville, hangedman_decor_opposing
D:5:      layout_rooms, kennysheep_mini_moat,
          gammafunk_temple_overflow_forgotten, st_stairs_8,
          kennysheep_generic_room_4

Skill      XL: |  1  2  3  4  5 |
---------------+----------------+-----
Axes           | 2 3 4 |  4.4
Shields        | 4 |  4.4
Armour         | 4 |  4.3
Fighting       | 4 |  4.1

Action                     |  1- 3 |  4- 6 || total
---------------------------+-------+-------++-------
  Melee: War axe           |   117 |   155 ||   272
    Use: Scroll            |       |    10 ||    10
 Armour: Scale mail        |    74 |       ||    74
         Chain mail        |    17 |   128 ||   145
  Dodge: Dodged            |    63 |    72 ||   135
  Block: Buckler           |    32 |    44 ||    76

Table legend: (Time is in decaauts)
 A = Elapsed time spent in this place.
 B = Non-inter-level travel time spent in this place.
 C = Inter-level travel time spent in this place.
 D = Time resting spent in this place.
 E = Time spent auto-exploring this place.
 F = Levels seen in this place.
 G = Mean time per level.
                   A        B        C        D        E       F      G
               +--------+--------+--------+--------+--------+-----+--------+
         Total |   3204 |   3106 |     98 |    285 |   2064 |   5 |  640.8 |
       Dungeon |   3204 |   3106 |     98 |    285 |   2064 |   5 |  640.8 |
               +--------+--------+--------+--------+--------+-----+--------+

Top non-repeatable levels by time:
     D:1: 936 daAuts
     D:4: 924 daAuts
     D:2: 736 daAuts
     D:3: 552 daAuts
     D:5: 54 daAuts
